 Dungeon Crawl Stone Soup version 0.23.0-3-gf3c87f2 (webtiles) character file.

Game seed: 18077013767202766825

275 Borgoz the Cutter (level 6, -6/44 (47) HPs)
             Began as a Ghoul Enchanter on Feb 24, 2019.
             Splashed by a jelly's acid (8 damage)
             ... on level 5 of the Dungeon.
             The game lasted 00:08:00 (3344 turns).

Borgoz the Cutter (Ghoul Enchanter)                 Turns: 3344, Time: 00:08:00

HP:   -6/44 (47)    AC: -5    Str: 11 (12) XL:     6   Next: 25%
MP:   1/7           EV: 12    Int:  8 (10) God:
Gold: 219           SH:  0    Dex: 11      Spells: 6/8 levels left

rFire    . . .     SeeInvis .   j - +0 dagger (elec)
rCold    + . .     Gourm    .   (no shield)
rNeg     + + +     Faith    .   h - +0 leather armour
rPois    ∞         Spirit   .   (no helmet)
rElec    .         Reflect  .   (no cloak)
rCorr    .         Harm     .   (no gloves)
MR       .....                  (no boots)
Stlth    ++........             (no amulet)
HPRegen  0.00/turn              (no ring)
MPRegen  0.10/turn              (no ring)

@: corroded, very slightly contaminated, rotting
A: rotting body, claws 1, carnivore, cold resistance 1, negative energy
resistance 3, inhibited regeneration, torment resistance, unbreathing
a: no special abilities


You were on level 5 of the Dungeon.
You were near starving.

You visited 1 branch of the dungeon, and saw 5 of its levels.

You collected 219 gold pieces.

Inventory:

Hand Weapons
 j - a +0 dagger of electrocution (weapon)
Missiles
 e - 15 poisoned needles
Armour
 h - a +0 leather armour (worn)
Wands
 b - a wand of enslavement (8)
 c - a wand of random effects (27)
 f - a wand of acid (11)
 i - a wand of flame (19)
Scrolls
 g - 4 scrolls of teleportation
 k - a scroll of blinking
 l - a scroll of amnesia
 m - 3 scrolls of remove curse
Comestibles
 d - 5 rations


   Skills:
 + Level 1.4 Fighting
 * Level 4.0 Short Blades
 + Level 2.5 Dodging
 - Level 3.2 Stealth
 - Level 1.7 Spellcasting
 + Level 3.4 Hexes
 + Level 1.1 Ice Magic


You had 6 spell levels left.
You knew the following spells:

 Your Spells              Type           Power        Failure   Level  Hunger
b - Ensorcelled Hibernat  Hex/Ice        #.....       28%         2    ###....

Your spell library contained the following spells:

 Spells                   Type           Power        Failure   Level  Hunger
 Corona                   Hex            #......      12%         1    ##.....
 Confuse                  Hex            #.......     34%         3    ####...
 Tukima's Dance           Hex            #.......     34%         3    ####...
 Dazzling Spray           Conj/Hex       #.....       58%         3    ####...
 Recall                   Summ/Tloc      N/A          82%         3    ####...
 Animate Dead             Necr           N/A          99%         4    #####..
 Borgnjor's Vile Clutch   Necr/Erth      #.........   100%        5    ######.
 Death Channel            Necr           #.........   100%        6    #######
 Simulacrum               Ice/Necr       #.........   100%        6    #######


Dungeon Overview and Level Annotations

Branches:
Dungeon (5/15)
 Temple: D:4-7

Altars:

Annotations:
D:4 Sigmund


Innate Abilities, Weirdness & Mutations

Your body is rotting away.
You thrive on raw meat.
You are immune to poison.
You have sharp fingernails.
You are carnivorous and can eat meat at any time.
Your flesh is cold resistant. (rC+)
You are immune to negative energy. (rN+++)
You do not regenerate when monsters are visible.
You are immune to unholy pain and torment.
You can survive without breathing.


Message History

The helpless jelly fails to defend itself.
You impale the jelly!!
Your claws burn!
The jelly is severely wounded.
The jelly hits you. The acid corrodes you!
You are splashed with acid!
You barely miss the jelly.
The jelly is severely wounded.
The jelly hits you.
You are splashed with acid!
You hit the jelly.
Your claws burn!
The jelly is severely wounded.
The jelly hits you.
* * * LOW HITPOINT WARNING * * *
You are splashed with acid!
* * * LOW HITPOINT WARNING * * *
Unknown command.
It was a potion of berserk rage.
You cannot raise a blood rage in your lifeless body.
The jelly hits you.
* * * LOW HITPOINT WARNING * * *
The acid corrodes you!
You are splashed with acid!
You die...

#.....?..≈≈# +≈≈+ ≈
#........≈≈###≈≈###≈≈
##........≈≈≈≈≈≈≈≈≈≈
#...)#####≈≈≈≈≈≈≈≈#
#.............#
#..........#..#
####.......#..#
#..J....##.#########
#..@....##..##......
#.......##..##...##.
###########.).......
##..##...#.
#..........
###.#........
#.....###...#
#.#..>......#
#.##..####..#


You could see a jelly.

Vanquished Creatures
  A hound (D:4)
  An orc priest (D:5)
  Natasha (thrice) (D:3)
  The ghost of Scud the Skirmisher, a weakling TrFi (D:3)
  A hound skeleton (D:3)
  5 adders
  3 worms
  2 dart slugs
  An orc (D:5)
  2 giant cockroaches
  5 goblins
  12 hobgoblins
  3 jackals (D:1)
  7 kobolds
  A quokka (D:2)
  A ball python (D:3)
  4 bats
  A frilled lizard (D:2)
  3 rats (D:1)
57 creatures vanquished.

Notes
Turn   | Place    | Note
-------+----------+-------------------------------------------
     0 | D:1      | Borgoz the Ghoul Enchanter began the quest for the Orb.
     0 | D:1      | Reached XP level 1. HP: 14/14 MP: 2/2
   188 | D:1      | Reached skill level 1 in Short Blades
   196 | D:1      | Reached XP level 2. HP: 16/20 MP: 3/3
   305 | D:1      | Learned a level 2 spell: Ensorcelled Hibernation
   595 | D:1      | Reached XP level 3. HP: 26/26 MP: 4/4
  1636 | D:3      | Reached skill level 2 in Short Blades
  1637 | D:3      | Reached XP level 4. HP: 27/33 MP: 0/5
  1777 | D:3      | Reached skill level 1 in Fighting
  1907 | D:3      | Found a faded altar of an unknown god.
  1968 | D:3      | Noticed Natasha
  1987 | D:3      | Killed Natasha
  1987 | D:3      | Reached skill level 3 in Short Blades
  1987 | D:3      | Reached XP level 5. HP: 17/40 MP: 2/6
  2216 | D:3      | Found a runed translucent door.
  2217 | D:3      | Noticed Scud's ghost (weakling TrFi)
  2224 | D:3      | Killed Scud's ghost
  2268 | D:3      | Noticed Natasha
  2274 | D:3      | Killed Natasha
  2386 | D:3      | Noticed Natasha
  2406 | D:3      | Killed Natasha
  2791 | D:4      | Reached XP level 6. HP: 47/47 MP: 7/7
  2852 | D:4      | Noticed Sigmund
  3086 | D:5      | Entered Level 5 of the Dungeon
  3148 | D:5      | Reached skill level 4 in Short Blades
  3148 | D:5      | Reached skill level 1 in Ice Magic
  3344 | D:5      | HP: 2/44 [jelly (2)]
  3344 | D:5      | Splashed by a jelly's acid

Skill      XL: |  1  2  3  4  5  6 |
---------------+-------------------+-----
Short Blades   | 1 2 3 4 |  4.0
Hexes          | 3 |  3.4
Dodging        | 2 |  2.5
Fighting       | 1 |  1.4
Ice Magic      | 1 |  1.1
Stealth        | |  3.2
Spellcasting   | |  1.7

Action                   |  1- 3 |  4- 6 || total
-------------------------+-------+-------++-------
Melee: Dagger            |   101 |    88 ||   189
 Cast: Ensorcelled Hiber |     2 |    12 ||    14
  Use: Potion            |     9 |     3 ||    12
       Scroll            |     6 |     4 ||    10
 Stab: Sleeping          |    11 |     4 ||    15
       Invisible         |     2 |       ||     2
  Eat: Chunk             |    10 |     3 ||    13
Armor: Robe              |     4 |       ||     4
       Leather armour    |    10 |    21 ||    31
Dodge: Dodged            |    61 |    66 ||   127
